Unix NetHack Version 3.7.0-101 Work-in-progress - last build Mar 25 2024 11:18:41 (462964f8eaac915e699fc3a71b43428251fec12b,branch:master). Game began 2024-03-30 09:36:34, ended 2024-03-30 09:56:24. elenmirie, neutral female gnomish Archeologist -------------------------------- | |..............................| |......... ..-----------.......-------- | | |.| |(](| |.------| |.+ |(((| |.|.....| |.--- ...|-+-.|.._..| | |....---|-....|..... -- ..| |.............|... .....| |...........{.-|----- {........| |...........*..................| |...---|--+-...........---+- | |... ...| ----.-------- |...|!?]| +.+ |...|(%%| |.| |...----- ----.------+----- | |.................u%...........| -------------------------------- Elenmirie the Investigator St:16 Dx:9 Co:12 In:16 Wi:15 Ch:10 Neutral Dlvl:7 $:5 HP:0(43) Pw:32(32) AC:6 Xp:6/487 T:3679 Burdened Latest messages: The door opens. The priest of Huhetotl intones: "Pilgrim, you enter a sacred place!" You have a forbidding feeling... You hear a door open. Pick an object. What do you want to zap? [mQV or ?*] ? In what direction? h The wand hits the plains centaur! You kill the plains centaur! You see here a plains centaur corpse. There is a plains centaur corpse here; eat it? [ynq] (n) y This plains centaur corpse is stringy. You stop eating the plains centaur corpse. There is a partly eaten plains centaur corpse here; eat it? [ynq] (n) y You resume your meal. You stop eating the plains centaur corpse. There is a partly eaten plains centaur corpse here; eat it? [ynq] (n) y You resume your meal. You stop eating the plains centaur corpse. There is a partly eaten plains centaur corpse here; eat it? [ynq] (n) y You resume your meal. You stop eating the plains centaur corpse. There is a partly eaten plains centaur corpse here; eat it? [ynq] (n) y You resume your meal. You stop eating the plains centaur corpse. There is a partly eaten plains centaur corpse here; eat it? [ynq] (n) y You resume your meal. You stop eating the plains centaur corpse. There is a partly eaten plains centaur corpse here; eat it? [ynq] (n) y You resume your meal. You stop eating the plains centaur corpse. There is a partly eaten plains centaur corpse here; eat it? [ynq] (n) y You resume your meal. You stop eating the plains centaur corpse. You lash the black unicorn! The black unicorn butts! The black unicorn kicks! The black unicorn butts! The black unicorn kicks! The black unicorn butts! The black unicorn misses! You see here a partly eaten plains centaur corpse. The black unicorn butts! You die... Do you want your possessions identified? [ynq] (y) y Do you want to see your attributes? [ynq] (y) y Do you want an account of creatures vanquished? [ynaq] (y) y Do you want to see your conduct and achievements? [ynq] (y) y Do you want to see the dungeon overview? [ynq] (y) y Inventory: Coins $ - 5 gold pieces Weapons n - an uncursed +0 elven bow q - 22 uncursed +0 darts (at the ready) r - an uncursed poisoned +0 dart a - an uncursed +2 bullwhip (weapon in left hand) Armor c - an uncursed +0 fedora (being worn) P - an uncursed +0 pair of gauntlets of dexterity v - an uncursed +0 pair of leather gloves (being worn) K - an uncursed +0 pair of kicking boots (being worn) i - an uncursed +0 cloak of invisibility (being worn) Y - an uncursed +0 leather armor b - an uncursed +0 leather jacket (being worn) Wands m - a cursed wand of make invisible (0:3) V - an uncursed wand of speed monster (0:8) Q - an uncursed wand of striking (0:4) Tools w - an uncursed oilskin sack containing 16 items h - an empty uncursed sack e - a cursed lock pick j - an uncursed +0 pick-axe (alternate weapon; not wielded) t - an uncursed tinning kit (0:93) x - an uncursed towel Gems/Stones E - 2 uncursed agate stones f - an uncursed luckstone g - an uncursed touchstone Contents of the oilskin sack: 2035 gold pieces an uncursed cram ration 5 uncursed food rations a blessed scroll of amnesia 2 uncursed scrolls of identify an uncursed scroll of scare monster an uncursed spellbook of magic missile an uncursed potion of extra healing a blessed potion of gain ability an uncursed potion of gain energy an uncursed potion of gain level a blessed potion of healing 4 uncursed potions of healing an uncursed potion of monster detection an uncursed potion of oil a blessed potion of sickness Elenmirie the Archeologist's attributes: Background: You were an Investigator, a level 6 female gnomish Archeologist. You were neutral, on a mission for Camaxtli who was opposed by Quetzalcoatl (lawful) and Huhetotl (chaotic). You were left-handed. You were in the Gnomish Mines, on level 7. You entered the dungeon 3679 turns ago. You had 487 experience points, 153 more were needed to attain level 7. Basics: You had 0 out of 43 hit points. You had all 32 energy points (spell power). Your armor class was 6. Your wallet contained 5 zorkmids, and you had 2035 more stashed away in your pack. Autopickup was on for '$' plus thrown. Final Characteristics: Your strength was 16 (limit:18/50). Your dexterity was 9 (limit:18). Your constitution was 12 (limit:18). Your intelligence was 16 (limit:19). Your wisdom was 15 (limit:18). Your charisma was 10 (limit:18). Final Status: You weren't hungry. You were burdened; movement was slightly slowed. You were wielding a whip. You were skilled in whip. Final Attributes: You were piously aligned. You were poison resistant. You were telepathic. You had automatic searching. You had infravision. You were invisible. You were stealthy. You were warded. You were lucky. You had extra luck. Bad luck did not time out for you. Good luck did not time out for you. You are dead. Miscellaneous: You never encountered a bones level. Total elapsed playing time was 19 minutes and 48 seconds. Major events: Turn 1: elenmirie the neutral female gnomish Archeologist entered the dungeon 1055: attained the rank of Field Worker (level 3) 2597: entered the Gnomish Mines 2981: attained the rank of Investigator (level 6) 3557: reached Mine Town 3679: killed by a black unicorn Vanquished creatures: a plains centaur an imp 2 Mordor orcs 2 rock moles a shrieker a violet fungus a straw golem a giant ant a little dog 2 floating eyes 2 homunculi a kobold shaman 3 orc zombies a dwarf zombie a wererat an iguana 6 killer bees 3 coyotes 2 manes a large kobold 2 hobgoblins 3 giant rats a gnome 3 geckos 6 jackals a fox a goblin 3 sewer rats 3 grid bugs 5 lichens 6 newts 68 creatures vanquished. No species were genocided or became extinct. Voluntary challenges: You read items or engraved 3 times. You never engraved Elbereth. You never genocided any monsters. You never polymorphed an object. You never changed form. You used no wishes. Achievements: You entered a shop. You attained the rank of Field Worker. You entered the Gnomish Mines. You attained the rank of Investigator. You entered Minetown. You entered a temple. The Dungeons of Doom: levels 1 to 6 Level 1: A fountain. Level 2: A fountain. Level 3: Stairs down to The Gnomish Mines. Level 4: Level 5: Many fountains. Level 6: The Gnomish Mines: levels 4 to 7 Level 4: Level 5: Level 7: <- You were here. A temple and an altar, some fountains. Final resting place for you, killed by a black unicorn. Game over: ---------- / \ / REST \ / IN \ / PEACE \ / \ | elenmirie | | 2040 Au | | killed by a | | black unicorn | | | | | | 2024 | *| * * * | * _________)/\\_//(\/(/\)/\//\/|_)_______ Goodbye elenmirie the Archeologist... You died in The Gnomish Mines on dungeon level 7 with 4094 points, and 2040 pieces of gold, after 3679 moves. You were level 6 with a maximum of 43 hit points when you died.